 Dungeon Crawl Stone Soup version 0.29.0-4-gdea44cf6ec (webtiles) character file.

Game seed: 14463248897236619987

739 qw the Chopper (level 8, 0/60 HPs)
             Began as a Formicid Cinder Acolyte on Sept 4, 2022.
             Was an Elder of Ignis.
             Shot with an arrow by a centaur (6 damage)
             ... on level 5 of the Dungeon.
             The game lasted 00:01:42 (5595 turns).

qw the Chopper (Formicid Cinder Acolyte)            Turns: 5595, Time: 00:01:42

Health: 0/60       AC: 14    Str: 21    XL:     8   Next: 4%
Magic:  9/9        EV: 10    Int: 14    God:    Ignis [****..]
Gold:   196        SH:  0    Dex: 15    Spells: 9/9 levels left

rFire   + . .      SeeInvis +   Y - -1 hand axe (flame)
rCold   . . .      Faith    .   (no shield)
rNeg    . . .      Spirit   .   j - +0 scale mail
rPois   .          Reflect  .   (helmet unavailable)
rElec   .          Harm     .   c - +0 cloak
rCorr   .          Rampage  .   (no gloves)
Will    .....                   (no boots)
Stlth   ..........              (no amulet)
HPRegen 0.20/turn               k - +6 ring of dexterity
MPRegen 0.11/turn               (no ring)

@: fiery-armoured
A: permanent stasis, dig shafts and tunnels, antennae 3, four strong arms
a: Dig, Shaft Self, Renounce Religion, Fiery Armour, Foxfire Swarm, Rising Flame


You were on level 5 of the Dungeon.
You worshipped Ignis.
Ignis was greatly pleased with you.
You visited 1 branch of the dungeon, and saw 5 of its levels.

You collected 196 gold pieces.


Innate Abilities, Weirdness & Mutations

You cannot be hasted, slowed, berserked, paralysed or teleported.
You can dig through walls and to a lower floor.
You have a pair of large antennae on your head. (SInv)
Your four strong arms can wield two-handed weapons with a shield.


   Skills:
 - Level 4.2 Fighting
 - Level 7.1 Axes
 - Level 2.1 Throwing
 - Level 3.1 Armour
 + Level 1.8 Dodging
 - Level 1.1 Spellcasting
 - Level 3.0 Fire Magic


You had 9 spell levels left.
You didn't know any spells.
Your spell library contained the following spells:

 Spells                   Type           Power      Damage    Failure   Level
 Scorch                   Fire           18%        2d5       30%         2

Inventory:

Hand Weapons
 Y - a -1 hand axe of flaming (weapon)
Missiles
 d - 4 boomerangs (quivered)
Armour
 c - a +0 cloak (worn)
 j - a +0 scale mail (worn)
Jewellery
 h - a ring of ice
 k - a +6 ring of dexterity (left hand)
Scrolls
 f - a scroll of identify
Potions
 a - a potion of might {unknown}
 b - a potion of mutation {unknown}
 i - a potion of ambrosia {unknown}

Dungeon Overview and Level Annotations

Branches:
Dungeon (5/15)
 Temple: D:4-7

Altars:
Qazlal
Vehumet


Message History

The hound bites you but does no damage.
The centaur shoots an arrow.
The arrow hits you! The hound bites you.
The centaur shoots an arrow.
The arrow barely misses you.
You hit the hound but do no damage.
The hound is heavily wounded.
The hound closely misses you.
The centaur shoots an arrow.
The arrow hits you.
You barely miss the hound.
The hound is heavily wounded.
The hound bites you but does no damage.
The centaur shoots an arrow.
The arrow hits you! The hound bites you but does no damage.
5589 ||| INVOKING Fiery Armour.
A protective cloak of flame settles atop you.
The centaur shoots an arrow.
The arrow hits you! The hound closely misses you.
The centaur shoots an arrow.
The arrow misses you.
You barely miss the hound.
The hound is heavily wounded.
The hound barely misses you.
The centaur shoots an arrow.
The arrow hits you. The hound barely misses you.
You hit the hound but do no damage.
The hound is heavily wounded.
The centaur shoots an arrow.
The arrow hits you but does no damage. The hound barely misses you.
The centaur shoots an arrow.
The arrow hits you but does no damage.
You hit the hound but do no damage.
The hound is heavily wounded.
The hound bites you but does no damage.
The hound is burned by your cloak of flames.
The hound is severely wounded.
The centaur shoots an arrow.
The arrow hits you but does no damage.
You hit the hound. You burn the hound.
The hound is almost dead.
The hound bites you but does no damage.
The hound is burned by your cloak of flames.
You kill the hound!
The centaur shoots an arrow.
The arrow barely misses you.
The centaur shoots an arrow.
The arrow barely misses you.
The centaur shoots an arrow.
The arrow hits you but does no damage.
Found a scroll labelled GITIDO FUQO.
The centaur shoots an arrow.
The arrow hits you.
You die...

#..?....# #.......#
.<.....[# .#
#.......# ...#
........# ...#
#......c# ####...#
#.......# #......#
#......@# #.....#
........####.....###
######.....'........
#######%....## {{
#.....#####... {
#.###.......# #.##
{{ { #..........
#... #.#........
#...
#.#.#####..##...


You could see a centaur.

Vanquished Creatures
  2 ice beasts (D:5)
  A phantom (D:4)
  A scorpion (D:4)
  A necrophage (D:5)
  2 hounds (D:5)
  5 iguanas
  8 adders
  An ufetubus (D:4)
  3 dart slugs
  8 orcs
  11 bats
  3 endoplasms
  6 giant cockroaches
  6 hobgoblins
  2 quokkas (D:4)
  5 ball pythons
  A frilled lizard (D:2)
  7 goblins
  6 kobolds
  9 rats
88 creatures vanquished.

Vanquished Creatures (others)
  2 plants (D:1)
2 creatures vanquished.

Grand Total: 90 creatures vanquished

Notes
Turn   | Place    | Note
-------+----------+-------------------------------------------
     0 | D:1      | qw the Formicid Cinder Acolyte began the quest for the Orb.
     0 | D:1      | Reached XP level 1. HP: 18/18 MP: 2/2
     0 | D:1      | 0 ||| qw: Version: 0.1-a-103-gd6f5d3a
     0 | D:1      | 0 ||| qw: Game counter: 5518
     0 | D:1      | 0 ||| qw: Always use a shield: true
     0 | D:1      | 0 ||| qw: God list: Okawaru
     0 | D:1      | 0 ||| qw: Allow faded altars: false
     0 | D:1      | 0 ||| qw: Do Orc after D:15 true
     0 | D:1      | 0 ||| qw: Do second Lair branch before Depths: true
     0 | D:1      | 0 ||| qw: Lair rune preference: random
     0 | D:1      | 0 ||| qw: Plans: Normal
     0 | D:1      | 0 ||| PLANNING D:1-11
   108 | D:1      | Reached XP level 2. HP: 23/24 MP: 3/3
   178 | D:1      | 178 ||| Stepping ~*~*~tactically~*~*~ (stealth).
   214 | D:1      | 214 ||| Stepping ~*~*~tactically~*~*~ (stealth).
   216 | D:1      | 216 ||| Stepping ~*~*~tactically~*~*~ (stealth).
   654 | D:1      | Reached skill level 4 in Axes
   654 | D:1      | Reached XP level 3. HP: 22/29 MP: 4/4
  1278 | D:1      | 1278 ||| READING scroll labelled KUENAR HIT.
  1279 | D:1      | 1279 ||| READING 2 scrolls labelled JIGREI ZOUDGH.
  1380 | D:1      | 1380 ||| READING scroll labelled WOGUVU LIETZ.
  1381 | D:1      | 1381 ||| READING scroll labelled EFIETU TOMA.
  1382 | D:1      | 1382 ||| DRINKING 2 ruby potions.
  1383 | D:1      | 1383 ||| DROPPING potion of invisibility.
  1384 | D:1      | 1384 ||| DROPPING scroll of silence.
  1419 | D:2      | Reached skill level 1 in Dodging
  2009 | D:2      | Found a stormy altar of Qazlal.
  2361 | D:2      | 2361 ||| UPGRADING to +0 leather armour.
  2371 | D:2      | 2371 ||| DROPPING +0 robe.
  2372 | D:2      | 2372 ||| READING scroll labelled ENKASO FASATUD.
  2825 | D:3      | Reached XP level 4. HP: 24/35 MP: 5/5
  3004 | D:3      | 3004 ||| Stepping ~*~*~tactically~*~*~ (hiding).
  3005 | D:3      | 3005 ||| Stepping ~*~*~tactically~*~*~ (hiding).
  3158 | D:3      | 3158 ||| UPGRADING to +0 cloak.
  3163 | D:3      | 3163 ||| UPGRADING to +0 scale mail.
  3173 | D:3      | 3173 ||| DROPPING +0 leather armour.
  3174 | D:3      | 3174 ||| DROPPING ring of wizardry.
  3175 | D:3      | 3175 ||| UPGRADING to +6 ring of dexterity.
  3176 | D:3      | 3176 ||| READING scroll labelled JOUKIGH AZUQ.
  3177 | D:3      | 3177 ||| READING 2 scrolls of identify.
  3177 | D:3      | 3177 ||| IDENTIFYING red potion
  3178 | D:3      | 3178 ||| DROPPING potion of magic.
  3227 | D:4      | 3227 ||| PLANNING SEWER
  3239 | D:4      | Reached skill level 1 in Armour
  3239 | D:4      | 3239 ||| STAIRDANCE
  3365 | D:4      | 3365 ||| Stepping ~*~*~tactically~*~*~ (stealth).
  3571 | D:4      | Reached skill level 5 in Axes
  3571 | D:4      | Reached XP level 5. HP: 38/41 MP: 6/6
  3644 | D:4      | Noticed a phantom
  3660 | D:4      | 3660 ||| INVOKING Fiery Armour.
  3663 | D:4      | HP: 10/41 [phantom (1)]
  3664 | D:4      | Killed a phantom
  3665 | D:4      | Reached skill level 6 in Axes
  3665 | D:4      | Reached XP level 6. HP: 11/47 MP: 7/7
  3878 | D:4      | 3878 ||| RIP SEWER
  3899 | D:4      | 3899 ||| PLANNING D:1-11
  3951 | D:4      | Found a radiant altar of Vehumet.
  4005 | D:4      | 4005 ||| INVOKING Fiery Armour.
  4012 | D:4      | HP: 12/48 [poisoned by a scorpion]
  4535 | D:4      | 4535 ||| Stepping ~*~*~tactically~*~*~ (stealth).
  4704 | D:4      | 4704 ||| READING scroll labelled TOAHIDW XULEU.
  4745 | D:5      | Entered Level 5 of the Dungeon
  4809 | D:5      | Reached XP level 7. HP: 47/54 MP: 8/8
  4956 | D:5      | 4956 ||| Stepping ~*~*~tactically~*~*~ (stealth).
  4983 | D:5      | Reached skill level 7 in Axes
  5010 | D:5      | 5010 ||| Stepping ~*~*~tactically~*~*~ (stealth).
  5011 | D:5      | 5011 ||| Stepping ~*~*~tactically~*~*~ (stealth).
  5027 | D:5      | 5027 ||| INVOKING Fiery Armour.
  5030 | D:5      | Reached skill level 3 in Armour
  5030 | D:5      | 5030 ||| FLEEEEING.
  5031 | D:5      | 5031 ||| FLEEEEING.
  5032 | D:5      | 5032 ||| FLEEEEING.
  5033 | D:5      | 5033 ||| FLEEEEING.
  5034 | D:5      | 5034 ||| FLEEEEING.
  5035 | D:5      | 5035 ||| FLEEEEING.
  5036 | D:5      | 5036 ||| FLEEEEING.
  5037 | D:5      | 5037 ||| FLEEEEING.
  5038 | D:5      | 5038 ||| FLEEEEING.
  5039 | D:5      | 5039 ||| FLEEEEING.
  5040 | D:5      | 5040 ||| FLEEEEING.
  5041 | D:5      | 5041 ||| FLEEEEING.
  5042 | D:5      | 5042 ||| FLEEEEING.
  5044 | D:5      | 5044 ||| FLEEEEING.
  5045 | D:5      | 5045 ||| FLEEEEING.
  5046 | D:5      | 5046 ||| FLEEEEING.
  5047 | D:5      | 5047 ||| FLEEEEING.
  5048 | D:5      | 5048 ||| FLEEEEING.
  5049 | D:5      | 5049 ||| FLEEEEING.
  5050 | D:5      | 5050 ||| FLEEEEING.
  5051 | D:5      | 5051 ||| FLEEEEING.
  5052 | D:5      | 5052 ||| FLEEEEING.
  5053 | D:5      | 5053 ||| FLEEEEING.
  5054 | D:5      | 5054 ||| FLEEEEING.
  5055 | D:5      | 5055 ||| FLEEEEING.
  5056 | D:5      | 5056 ||| FLEEEEING.
  5057 | D:5      | 5057 ||| FLEEEEING.
  5058 | D:5      | 5058 ||| FLEEEEING.
  5059 | D:5      | 5059 ||| FLEEEEING.
  5060 | D:5      | 5060 ||| FLEEEEING.
  5062 | D:5      | 5062 ||| FLEEEEING.
  5063 | D:5      | 5063 ||| FLEEEEING.
  5064 | D:5      | 5064 ||| FLEEEEING.
  5065 | D:5      | 5065 ||| FLEEEEING.
  5066 | D:5      | 5066 ||| FLEEEEING.
  5067 | D:5      | 5067 ||| FLEEEEING.
  5068 | D:5      | 5068 ||| FLEEEEING.
  5069 | D:5      | 5069 ||| FLEEEEING.
  5070 | D:5      | 5070 ||| STAIRDANCE
  5272 | D:5      | 5272 ||| INVOKING Fiery Armour.
  5450 | D:5      | Reached XP level 8. HP: 37/60 MP: 9/9
  5589 | D:5      | 5589 ||| INVOKING Fiery Armour.
  5589 | D:5      | HP: 11/60 [centaur/arrow (8)]
  5590 | D:5      | HP: 5/60 [centaur/arrow (6)]
  5595 | D:5      | Shot with an arrow by a centaur

Levels and vault maps discovered:
D:1:      co_arrival_hexagon_in_a_hexagon, layout_basic,
          chequers_serial_rivers_small_a, hangedman_abyss_or_decor_stabs,
          feat_on_display
D:2:      layout_loops_corners, basic_altar
D:3:      layout_basic, serial_forest, infiniplex_forest_lined_room_2,
          infiniplex_forest_clump_medium, infiniplex_forest_lined_4_way,
          infiniplex_forest_clump_curved
D:4:      layout_rooms, nicolae_vehumet_altar_sigil, gup_sewer_entry_bubbles,
          minmay_misc_feat_five
D:5:      minmay_clustersquares, layout_basic,
          nicolae_concentric_dashed_squares_mild, serial_bayou_pond_d,
          minmay_fractal_squares_diagonal_5

Skill      XL: |  1  2  3  4  5  6  7 |
---------------+----------------------+-----
Axes           | 4 5 6 7 |  7.1
Dodging        | 1 |  1.8
Armour         | 1 3 |  3.1
Fighting       | 4 |  4.2
Throwing       | 2 |  2.1
Spellcasting   | |  1.1
Fire Magic     | |  3.0

Action                   |  1- 3 |  4- 6 |  7- 9 || total
-------------------------+-------+-------+-------++-------
Melee: Hand axe          |   137 |   116 |    85 ||   338
       Punch             |     1 |     1 |     1 ||     3
Throw: Boomerang         |    20 |    21 |    10 ||    51
Invok: Fiery Armour      |       |     2 |     3 ||     5
  Use: Scroll            |     5 |     3 |       ||     8
       Potion            |     1 |       |       ||     1
Armor: Robe              |    23 |       |       ||    23
       Leather armour    |     9 |       |       ||     9
       Scale mail        |       |    55 |    50 ||   105
Dodge: Dodged            |    92 |    56 |    43 ||   191

Table legend:
 A = Non-vault XP
 B = Vault XP
 C = Vault XP percentage of total XP
 D = Non-vault monster count
 E = Vault monster count
 F = Vault count percentage of total count
                 A         B        C        D         E       F
            +---------+---------+-------+---------+---------+-------
      Total |     824 |     233 |  22.0 |      72 |      16 |  18.2
            +---------+---------+-------+---------+---------+-------
        D:1 |      41 |       0 |   0.0 |      23 |       0 |   0.0
        D:2 |      16 |       0 |   0.0 |      12 |       0 |   0.0
        D:3 |      24 |       0 |   0.0 |      15 |       0 |   0.0
        D:4 |     388 |      13 |   3.2 |      15 |       7 |  31.8
        D:5 |     355 |     220 |  38.3 |       7 |       9 |  56.2
            +---------+---------+-------+---------+---------+-------
